Map: New Repugnancy LE

Players

Marinelord - Winner!

  • Race: Terran Terran
  • Spawn Location: 7:00

Gerald

  • Race: Protoss Protoss
  • Spawn Location: 1:00

Event: 2019 WCS Spring

VOD

Have the link to the VOD?

Description

Time

  • Played on: May 17, 2019, 10:39 a.m.
  • Length: 10:10

All games in this series

Show
View Real Time Build Order
Export as new Build Order

Marinelord Terran - Winner!

Build Orders: Cyclone Opening 

Get SALT Encoding   

  12  0:00  SCV  
  13  0:12  SCV  
  14  0:17  Supply Depot  
  14  0:24  SCV  
  15  0:39  SCV  
  15  0:41  Barracks  
  16  0:46  Refinery  
  16  0:51  SCV  
  16  0:56  Refinery  
  17  1:03  SCV  
  18  1:15  SCV  
  19  1:28  Reaper, Orbital Command  
  20  1:39  Bunker  
  20  1:49  Supply Depot  
  20  1:53  Factory  
  20  1:57  SCV  
  20  2:03  Reaper  
  21  2:09  SCV  
  22  2:21  SCV  
  23  2:33  SCV  
  23  2:35  Reaper  
  25  2:37  Factory Tech Lab  
  25  2:45  SCV  
  25  2:47  Supply Depot  
  26  2:58  SCV, Cyclone  
  30  3:10  SCV  
  30  3:22  SCV  
  31  3:27  Command Center  
  31  3:30  Starport  
  32  3:34  SCV  
  32  3:41  Cyclone  
  32  3:46  SCV  
  35  3:57  Supply Depot  
  35  3:58  SCV  
  36  4:06  Starport Tech Lab  
  36  4:07  Barracks  
  36  4:10  SCV  
  37  4:19  Siege Tank  
  37  4:22  SCV  
  40  4:32  Cloaking Field, Banshee  
  40  4:34  SCV  
  44  4:41  Orbital Command  
  44  4:46  SCV  
  44  4:47  Barracks Reactor  
  45  4:58  Siege Tank, Barracks Tech Lab  
  47  5:01  SCV  
  47  5:06  Orbital Command  
  48  5:15  Banshee  
  48  5:17  Marine  
  48  5:20  SCV, Supply Depot  
  48  5:21  Barracks  
  53  5:28  Marine x2  
  55  5:32  SCV  
  55  5:34  SCV  
  55  5:35  Marine  
  58  5:44  SCV, Stimpack  
  58  5:45  Marine  
  58  5:46  SCV  
  58  5:47  Supply Depot  
  61  5:52  Marine  
  61  5:57  SCV  
  63  5:58  SCV  
  63  6:01  Banshee  
  67  6:09  SCV  
  67  6:10  SCV  
  69  6:11  Marine  
  69  6:12  Marine  
  69  6:13  Engineering Bay, Refinery  
  71  6:21  SCV  
  71  6:22  SCV  
  73  6:26  Supply Depot  
  73  6:27  Factory Reactor  
  73  6:29  Supply Depot  
  73  6:30  Marauder x2  
  77  6:33  SCV  
  77  6:38  Combat Shield, Supply Depot  
  78  6:48  SCV x2, Marine x2  
  78  6:51  Marauder x2  
  78  6:53  Supply Depot  
  86  6:55  Refinery  
  86  6:56  Terran Infantry Weapons Level 1  
  87  7:07  Marine x2  
  88  7:13  Marauder  
  88  7:14  Factory Reactor  
  90  7:20  Marauder  
  92  7:25  Marine  
  92  7:26  Command Center  
  93  7:34  Marauder  
  92  7:40  Medivac x2  
  92  7:41  Marauder  
  98  7:45  Barracks  
  98  7:47  Barracks  
  98  7:49  Marine x2  
  100  7:53  SCV x2, Missile Turret  
  100  7:56  Marauder, Concussive Shells  
  104  8:02  Widow Mine x2  
  104  8:05  SCV  
  109  8:07  Supply Depot  
  109  8:09  Supply Depot  
  109  8:14  SCV  
  110  8:28  SCV x2, Medivac x2, Marauder x2, Marine  
  108  8:38  Marauder  
  108  8:39  Marine  
  102  8:46  SCV  
  102  8:48  SCV  
  99  8:49  SCV  
  99  8:50  Marauder x2  
  99  8:52  Marine x2  
  105  8:58  SCV, Medivac x2  
  105  8:59  Marauder  
  109  9:06  Marine  
  109  9:07  SCV  
  106  9:10  SCV  
  106  9:11  Marauder x2  
  106  9:15  Marine, Barracks Reactor  
  112  9:20  Marauder  
  111  9:28  Medivac  
  111  9:30  Marine  
  111  9:31  Refinery  
  107  9:32  Marauder  
  107  9:33  Marauder  
  107  9:36  Marine, Refinery  
  115  9:42  Marauder  
  117  9:48  Marine  
  117  9:52  Marine x2  
Show
View Real Time Build Order
Export as new Build Order

Gerald Protoss 

Build Orders:  

Get SALT Encoding   

  12  0:00  Probe  
  13  0:12  Probe  
  14  0:17  Pylon  
  14  0:23  Probe  
  15  0:31  Probe  
  16  0:37  Gateway  
  16  0:39  Probe  
  16  0:45  Assimilator  
  17  0:51  Probe  
  18  1:04  Probe  
  19  1:19  Probe  
  19  1:22  Zealot, Assimilator  
  19  1:23  Pylon  
  22  1:25  Pylon  
  22  1:27  Cybernetics Core  
  22  1:34  Probe  
  23  1:46  Probe  
  26  2:00  Adept  
  26  2:02  Probe  
  27  2:14  Probe  
  27  2:26  Probe  
  26  2:30  Adept  
  28  2:38  Probe  
  29  2:50  Probe  
  30  2:58  Robotics Facility  
  30  3:02  Probe  
  31  3:05  Stalker  
  31  3:12  Nexus  
  31  3:14  Probe  
  31  3:19  Warp Gate  
  32  3:31  Gateway  
  32  3:35  Pylon  
  32  3:41  Stalker  
  34  3:50  Immortal  
  34  3:51  Pylon  
  38  4:05  Probe  
  39  4:17  Probe  
  38  4:29  Warp Prism  
  36  4:33  Probe  
  36  4:35  Gateway  
  36  4:36  Probe  
  40  4:46  Probe  
  40  4:48  Probe  
  40  4:49  Shield Battery  
  42  4:52  Shield Battery  
  42  4:58  Probe  
  42  4:59  Observer  
  42  5:09  Stalker x2  
  42  5:10  Probe  
  42  5:11  Probe  
  46  5:22  Probe  
  46  5:23  Probe  
  46  5:24  Twilight Council  
  48  5:31  Forge  
  48  5:34  Robotics Bay  
  48  5:37  Probe  
  48  5:38  Probe  
  50  5:47  Charge  
  50  5:49  Probe  
  51  5:50  Probe  
  51  5:51  Zealot  
  51  5:52  Zealot x2  
  58  5:58  Observer  
  58  6:08  Probe  
  58  6:11  Assimilator x2  
  59  6:14  Probe  
  60  6:19  Protoss Ground Weapons Level 1  
  60  6:21  Nexus  
  60  6:23  Pylon  
  60  6:27  Zealot  
  62  6:36  Disruptor  
  62  6:37  Gateway x2  
  62  6:45  Zealot x2  
  65  6:52  Pylon  
  68  6:56  Zealot  
  70  7:02  Pylon  
  70  7:04  Pylon  
  70  7:10  Probe x2  
  70  7:14  Stalker x2  
  72  7:17  Observer  
  62  7:33  Stalker  
  62  7:34  Stalker  
  62  7:36  Probe  
  61  7:37  Disruptor  
  61  7:39  Probe  
  62  7:49  Probe x2  
  59  7:52  Probe  
  62  8:01  Probe  
  62  8:03  Probe  
  62  8:04  Probe  
  63  8:12  Probe  
  65  8:13  Probe  
  65  8:15  Probe  
  68  8:21  Probe  
  68  8:25  Probe  
  69  8:27  Zealot  
  69  8:28  Zealot x3, Probe  
  56  8:42  Zealot  
  54  8:50  Zealot x3  
  52  8:55  Zealot  
  52  8:56  Probe  
  52  9:00  Immortal  
  53  9:07  Stalker  
  53  9:08  Probe  
  53  9:11  Stalker x2  
  53  9:17  Zealot x2  
  53  9:20  Probe  
  53  9:21  Probe  
  54  9:32  Zealot  
  54  9:37  Zealot x2  
  57  9:42  Zealot  
  57  9:43  Zealot  
  49  9:56  Zealot  
  47  10:03  Zealot  
  47  10:04  Zealot  
Tags
 
Add a new tag
Caveats
  • Supply blocks, unpowered buildings, or Contaminate may cause inaccurate times.
  • Supply counts are checked every 10 seconds.